 Dungeon Crawl Stone Soup version 0.31.0-11-ge490571c62 (webtiles) character file.

Game seed: 3266112478229123900

699038 jasper the Conqueror (level 27, -16/273 HPs)
             Began as a Minotaur Berserker on Feb 2, 2024.
             Was the Champion of the Shining One.
             Killed from afar by Cerebov (56 damage)
             ... with a great blast of fire
             ... in Pandemonium.
             The game lasted 02:53:28 (70364 turns).

jasper the Conqueror (Minotaur Berserker)          Turns: 70364, Time: 02:53:29

Health: -16/273    AC: 52    Str: 25    XL:     27
Magic:  33/37      EV: 23    Int: 10    God:    the Shining One [******]
Gold:   5525       SH:  0    Dex: 26    Spells: 25/26 levels left

rFire   + + +        a - +10 executioner's axe of the Grinning Madman {heavy, Int+4}
rCold   + + .        (shield currently unavailable)
rNeg    + + +        Y - +6 crystal plate armour of the Wilderness {Rampage rC+++ Regen+ Str-5}
rPois   +            M - +2 hat
rElec   +            L - +2 cloak {Will+}
rCorr   .            e - +3 pair of gauntlets of War {Slay+5}
SInv    .            g - +2 pair of boots
Will    +++..        f - amulet of regeneration Stlth
                     k - ring "Xepianke" {rF+ Str+6}
HPRegen 2.25/turn    p - ring "Biv Ylef" {*Slow rElec rPois rF++ Dex+6}
MPRegen 0.25/turn

%: slow self (1%), rampage
@: mighty, hasted, glowing, studying Air Magic, very quick
A: horns 2, retaliatory headbutt, cold vulnerability 1, subdued magic 1
}: 5/15 runes: serpentine, barnacled, silver, magical, dark
a: Renounce Religion, Divine Shield, Cleansing Flame, Summon Divine Warrior


You were in Pandemonium.
You worshipped the Shining One.
The Shining One was exalted by your worship.
You visited 12 branches of the dungeon, and saw 51 of its levels.
You visited Pandemonium 2 times, and saw 12 of its levels.
You also visited: Ossuary, Bailey and Desolation.

You collected 9150 gold pieces.
You spent 3625 gold pieces at shops.

Inventory:

Hand Weapons
 a - the +10 executioner's axe of the Grinning Madman (weapon) {heavy, Int+4}
   (You acquired it on level 3 of the Dungeon)

   Int+4:     It affects your intelligence (+4).
 b - a +9 longbow of holy wrath
Missiles
 B - 10 throwing nets
Armour
 e - the +3 pair of gauntlets of War (worn) {Slay+5}
   (You bought it in a shop on level 13 of the Dungeon)

   Slay+5:    It affects your accuracy & damage with ranged weapons and melee
   (+5).
 g - a +2 pair of boots (worn)
 L - a +2 cloak of willpower (worn)
 M - a +2 hat (worn)
 N - the +6 ice dragon scales of Brilliance {rF- rC++ Will+ Str+3}
   (You took it off a spriggan in a bailey)

   Str+3:     It affects your strength (+3).
   rF-:       It makes you vulnerable to fire.
   rC++:      It greatly protects you from cold.
   Will+:     It increases your willpower.
 Q - the +0 pair of boots "Udotz" {rElec rC+ Will+}
   (You found it on level 5 of the Vaults)

   rC+:       It protects you from cold.
   rElec:     It insulates you from electricity.
   Will+:     It increases your willpower.
 Y - the +6 crystal plate armour of the Wilderness (worn) {Rampage rC+++ Regen+ Str-5}
   (You found it on level 3 of the Crypt)

   Str-5:     It affects your strength (-5).
   rC+++:     It renders you almost immune to cold.
   Regen+:    It increases your rate of health regeneration.
   Rampage:   It bestows one free step when moving towards enemies.
Jewellery
 d - a ring of flight
 f - an amulet of regeneration (around neck)
 i - the ring of the Ban {Wiz rF++ rN+ Stlth+}
   (You took it off a deep elf death mage on level 3 of the Elven Halls)

   [ring of wizardry]

   Wiz:       It improves your spell success rate.
   rF++:      It greatly protects you from fire.
   rN+:       It protects you from negative energy.
   Stlth+:    It makes you more stealthy.
 k - the ring "Xepianke" (left hand) {rF+ Str+6}
   (You took it off a deep elf archer on level 3 of the Elven Halls)

   [ring of strength]

   Str+6:     It affects your strength (+6).
   rF+:       It protects you from fire.
 p - the ring "Biv Ylef" (right hand) {*Slow rElec rPois rF++ Dex+6}
   (You found it in the Desolation of Salt)

   [ring of dexterity]

   Dex+6:     It affects your dexterity (+6).
   rF++:      It greatly protects you from fire.
   rElec:     It insulates you from electricity.
   rPois:     It protects you from poison *Slow: It may slow you when you take
   damage.
 C - a ring of protection from cold
 H - the ring "Wazxyudd" {rElec rF+ Will+ MP+9}
   (You bought it in a shop on level 7 of the Dungeon)

   [ring of willpower]

   rF+:       It protects you from fire.
   rElec:     It insulates you from electricity.
   Will+:     It increases your willpower.
   MP+9:      It affects your magic capacity (+9).
 X - the ring of the Iron Devil {rPois rC+++ rCorr MP+9 Int-2}
   (You took it off a necromancer on level 2 of the Depths)

   [ring of resist corrosion]

   Int-2:     It affects your intelligence (-2).
   rC+++:     It renders you almost immune to cold.
   rPois:     It protects you from poison MP+9: It affects your magic capacity
   (+9).
   rCorr:     It protects you from acid and corrosion.
Wands
 q - a wand of acid (21)
 u - a wand of flame (117)
 G - a wand of polymorph (34)
 J - a wand of charming (45)
 K - a wand of iceblast (60)
 T - a wand of mindburst (46)
 V - a wand of digging (23)
Scrolls
 c - 3 scrolls of silence
 m - 5 scrolls of blinking
 s - 11 scrolls of noise
 t - 7 scrolls of poison
 w - 7 scrolls of fear
 y - 12 scrolls of vulnerability
 I - 3 scrolls of revelation
 O - 4 scrolls of summoning
 U - 13 scrolls of immolation
 W - 26 scrolls of teleportation
 Z - 8 scrolls of fog
Potions
 h - 31 potions of curing
 j - 5 potions of haste
 l - 4 potions of ambrosia
 n - a potion of cancellation
 o - 8 potions of enlightenment
 r - 11 potions of lignification
 v - 4 potions of berserk rage
 z - 3 potions of magic
 A - 9 potions of resistance
 D - 11 potions of heal wounds
 E - 9 potions of might
 F - 9 potions of invisibility
 P - 11 potions of mutation
 R - 7 potions of attraction
Miscellaneous
 x - a phantom mirror
 S - a phial of floods


   Skills:
 O Level 27 Fighting
 - Level 24.0 Axes
 - Level 20.0 Ranged Weapons
 O Level 27 Armour
 - Level 25.0 Dodging
 + Level 22.2 Invocations


You had 25 spell levels left.
You knew the following spells:

 Your Spells              Type           Power      Damage    Failure   Level
a - Apportation           Tloc           0%         N/A       94%         1

Your spell library contained the following spells:

 Spells                   Type           Power      Damage    Failure   Level
 Blink                    Tloc           0%         N/A       98%         2
 Frozen Ramparts          Ice            0%         1d1       100%        3
 Inner Flame              Hex/Fire       0%         N/A       100%        3
 Animate Armour           Summ/Erth      0%         N/A       100%        4
 Cause Fear               Hex            0%         N/A       100%        4
 Flame Wave               Conj/Fire      0%         2d4       100%        4
 Leda's Liquefaction      Alch/Erth      0%         N/A       100%        4
 Petrify                  Alch/Erth      0%         N/A       100%        4
 Sticky Flame             Fire/Alch      0%         2d4       100%        4
 Summon Blazeheart Golem  Fire/Summ      0%         N/A       100%        4
 Summon Lightning Spire   Summ/Air       0%         N/A       100%        4
 Fireball                 Conj/Fire      0%         3d3       100%        5
 Irradiate                Conj/Alch      0%         3d11      100%        5
 Lee's Rapid Deconstruct  Erth           0%         3d4*      100%        5
 Metabolic Englaciation   Hex/Ice        0%         N/A       100%        5
 Summon Mana Viper        Hex/Summ       0%         N/A       100%        5
 Haunt                    Necr/Summ      0%         N/A       100%        7
 Orb of Destruction       Conj           0%         9d5       100%        7
 Spellforged Servitor     Conj/Summ      0%         N/A       100%        7
 Ignition                 Fire           0%         3d3       100%        8
 Dragon's Call            Summ           0%         N/A       100%        9


Dungeon Overview and Level Annotations

Branches:
Dungeon (15/15)            Temple (1/1) D:4            Lair (5/5) D:10
 Shoals (4/4) Lair:3        Snake (4/4) Lair:3        Slime (0/5) Lair:5
    Orc (2/2) D:10            Elf (3/3) Orc:2        Vaults (5/5) D:13
  Crypt (3/3) Vaults:3       Tomb (0/3) Crypt:3      Depths (4/4) D:15
   Hell (visited)             Dis (0/7) Hell            Geh (0/7) Hell
    Coc (0/7) Hell            Tar (0/7) Hell            Zot (4/5) Depths:4
Ossuary (visited)          Bailey (visited)         Desolation (visited)

Altars:
Ashenzari
Cheibriados
Dithmenos
Elyvilon
Fedhas
Gozag
Hepliaklqana
Kikubaaqudgha
Makhleb
Nemelex Xobeh
Okawaru
Qazlal
Ru
Sif Muna
Trog
Uskayaw
Vehumet
Wu Jian
Xom
Yredelemnul
Zin
The Shining One

Shops:
D:7 =[!   D:13 *   Orc:2 [!=*   Shoals:1 [   Shoals:2 =   Shoals:4 *
Snake:1 [   Snake:4 [   Vaults:1 !   Vaults:3 [[   Vaults:4 [   Depths:1 =::

Portals:
Hell: Depths:1 Depths:2 Depths:3 Depths:4
Abyss: Depths:1 Depths:3
Pandemonium: Depths:2 Depths:4
Ziggurat: Depths:3
Trove: D:11 (give 5 scrolls of fear)

Annotations:
D:3 2 transporters
Snake:1 2 transporters, Ovesh's ghost, journeyman OpSh
Elf:2 5 runed translucent doors
Pan Cerebov


Innate Abilities, Weirdness & Mutations

You have a pair of horns on your head.
You reflexively headbutt those who attack you in melee.
You are vulnerable to cold. (rC-)
Your spells are a little easier to cast, but a little less powerful.


Message History

You partially resist.
* * * LOW HITPOINT WARNING * * *
The great blast of fire engulfs Cerebov!
Cerebov partially resists.
The great blast of fire engulfs the balrug!!
The balrug partially resists.
The great blast of fire engulfs the balrug!!!
The balrug partially resists.
The balrug dies!
You hear a bellow! 4 fire vortices come into view.
Unknown command.
Cerebov shouts, "Accept thy fall, thou paunchy hedge-born pigeon-egg!"
You slice Cerebov!! You headbutt Cerebov.
Cerebov is severely wounded.
You carve the fire vortex like a ham!!!
The fire vortex dissipates!
You are engulfed in blazing flames.
You resist.
* * * LOW HITPOINT WARNING * * *
The balrug gestures at you.
The bolt of fire hits the fire vortex.
The fire vortex completely resists.
The bolt of fire hits Cerebov.
Cerebov completely resists.
The bolt of fire misses you.
Cerebov hits you with the +6 sword of Cerebov {flame}!!
* * * LOW HITPOINT WARNING * * *
Cerebov burns you.
* * * LOW HITPOINT WARNING * * *
Unknown command.
Unknown command.
You feel much better.
You are engulfed in blazing flames.
You resist.
* * * LOW HITPOINT WARNING * * *
You feel less vulnerable to fire. The balrug gestures at you.
Something smites you!
* * * LOW HITPOINT WARNING * * *
You feel much better.
You are engulfed in blazing flames.
You resist. Cerebov gestures at you.
A raging storm of fire appears!
The great blast of fire engulfs you!!! You partially resist.
You die...

.##
........#.......###....#.. ##
..................)........ #
........................)....
....^....#####.....#####.....
#v.:#.....#...#.....
#=.[##.).##.|.#.....
###°○=#°R...#...###...
##.##'##22...##'##.##
##...°○@&v2..........##
#..#######21.#######..#
#####.# #'''# #.### #..|#.#
#'''# #.#.[ #).|'.# #&..#
#.'.= #".[#.# .2..2 #.#.[
#####.# ....... #.### #...#
......... #...# #.###
......... ###.#


You could see Cerebov, a Brimstone Fiend, 3 balrugs, a hellion (summoned), an
efreet and 2 fire vortices.

Vanquished Creatures
  Lom Lobon (Pan)
  Ignacio (Pan)
  Gloorx Vloq (Pan)
  A dread lich (Vaults:5)
  5 ancient liches
  An orb of fire (Zot:1)
  Mara (Snake:4)
  A juggernaut (Depths:2)
  Sojobo (Depths:3)
  Boris (thrice) (Vaults:4 Crypt:2)
  A pandemonium lord (Pan)
  Bai Suzhen (Snake:4)
  Vashnia (Snake:4)
  Margery (Vaults:3)
  Geryon (Hell)
  2 curse toes (Zot:4)
  7 golden dragons
  Norris (Depths:1)
  Nikola (Snake:2)
  the Enchantress (Depths:1)
  2 bone dragons
  3 doom hounds
  2 Tzitzimimeh (Pan)
  2 electric golems (Zot:1)
  A hellephant (Vaults:3)
  18 tentacled monstrosities
  Jorgrun (D:14)
  3 liches
  2 Hell Sentinels (Pan)
  Grunn (Zot:1)
  3 deep elf blademasters
  5 quicksilver dragons
  7 sphinxes
  2 titans (Vaults:5)
  22 Executioners (Pan)
  A deep elf master archer (Elf:3)
  3 searing wretches
  7 death cobs
  7 shadow dragons
  The ghost of popps the Warrior, an adept GrFi of Okawaru (Shoals:1)
  Gastronok (Lair:3)
  6 krakens
  10 tengu reavers
  5 ancient champions
  13 storm dragons
  4 draconian monks
  5 demonspawn warmongers (Pan)
  11 nagarajas
  5 revenants
  Donald (Vaults:4)
  6 frost giants
  The ghost of zenocrate the Unseen, an adept VSEn of Gozag (Shoals:4)
  14 fire giants
  A draconian knight (Depths:2)
  3 fenstrider witches (Pan)
  3 draconian shifters (Zot:1)
  17 vault wardens
  15 balrugs (Pan)
  4 draconian scorchers
  6 curse skulls
  3 ghost moths
  An imperial myrmidon (Desolation)
  4 iron dragons
  4 deep elf elementalists
  10 deep elf sorcerers
  14 reapers
  21 ironbound preservers
  Louise (D:15)
  7 juggernaut skeletons
  4 demonspawn blood saints (Pan)
  6 spriggan defenders
  2 orc warlords
  6 draconian annihilators
  2 demonspawn corrupters (Pan)
  3 formless jellyfish
  6 ghouls (Crypt:1)
  6 caustic shrike skeletons
  6 cacodemons
  41 very ugly things
  18 stone giants
  8 ironbound thunderhulks
  7 vampire knights
  8 green draconians
  2 demonspawn black suns (Pan)
  4 deep elf death magi
  6 white draconians
  9 deep elf annihilators
  7 deep elf demonologists
  4 lorocyprocas
  6 black draconians
  2 halazid warlocks (Desolation)
  3 red draconians
  7 spark wasps
  8 purple draconians
  4 war gargoyles
  A wendigo (Hell)
  7 yellow draconians
  7 blizzard demons
  7 dire elephants
  4 eidola
  5 crystal guardians
  4 merfolk javelineers
  11 green deaths (Pan)
  A quicksilver dragon zombie (Hell)
  10 ettins
  An acid blob zombie (Crypt:2)
  An iron golem (Hell)
  5 merfolk impalers
  8 deep elf high priests
  21 yaktaur captains
  5 ragged hierophants (Desolation)
  3 spriggan zombies
  5 servants of whispers (Desolation)
  An entropy weaver (shapeshifter) (Depths:2)
  5 fire dragons
  10 jiangshi
  10 great orbs of eyes
  7 hell beasts (Pan)
  4 entropy weavers
  39 vault guards
  7 rakshasas
  13 ice dragons
  3 ogre magi
  A salamander tyrant (Snake:4)
  6 ironbound frosthearts
  2 spriggan air magi
  A fenstrider witch skeleton (Hell)
  2 merfolk avatars (Shoals:4)
  A stoker (Hell)
  5 boulder beetles
  7 hydras
  A death knight (D:14)
  10 peacekeepers
  3 sphinx zombies
  4 jorogumos (Pan)
  10 centaur warriors
  A satyr (Shoals:2)
  2 anacondas (shapeshifter) (Vaults:4)
  10 anacondas
  2 catoblepae
  12 dancing weapons
  8 merfolk aquamancers
  13 tengu warriors
  14 death yaks
  18 naga warriors
  13 two-headed ogres
  2 two-headed ogres (shapeshifter)
  11 deep troll earth magi
  5 deep troll shamans
  3 spectral emperor scorpions (Pan)
  A demonic crawler (Pan)
  5 hell hogs
  5 orc high priests (Orc:2)
  5 vampire magi
  9 spriggan berserkers
  A titan zombie (Hell)
  3 shock serpents
  9 deep elf knights
  4 hellephant skeletons (Pan)
  15 naga sharpshooters
  13 soul eaters
  5 occultists
  12 hell knights
  37 sun demons
  An emperor scorpion zombie (Crypt:2)
  10 iron trolls
  16 sixfirhies
  A titan skeleton (Hell)
  3 salamander mystics
  17 sea snakes
  10 shadow wraiths
  17 skeletal warriors
  A spark wasp zombie (Hell)
  8 skysharks
  A quicksilver dragon simulacrum (Crypt:1)
  7 glowing orange brains
  69 deep trolls
  A kraken simulacrum (Shoals:4)
  An orb spider (shapeshifter) (Depths:3)
  A sea snake (shapeshifter) (Vaults:5)
  A shadow demon (Depths:2)
  8 flayed ghosts
  A bunyip skeleton (Crypt:1)
  An obsidian statue (Shoals:4)
  9 deep elf archers
  6 mana vipers
  2 tengu zombies (Hell)
  A glowing orange brain (shapeshifter) (Vaults:5)
  A sun moth (shapeshifter) (Vaults:5)
  9 naga ritualists
  10 arcanists
  18 ironbound convokers
  16 necromancers
  2 bog bodies (Crypt:1)
  A steelbarb worm (shapeshifter) (Depths:4)
  A lindwurm (shapeshifter) (Depths:3)
  A wolf spider zombie (Crypt:3)
  9 lindwurms
  17 phantasmal warriors
  21 deep elf pyromancers
  29 deep elf zephyrmancers
  A harpy (shapeshifter) (Depths:3)
  16 harpies
  2 wolf spiders (Lair:5)
  A frost giant zombie (Hell)
  55 ugly things
  13 cyclopes
  An iron dragon zombie (Crypt:2)
  2 fire giant zombies (Hell)
  7 orc sorcerers
  A faun (shapeshifter) (Depths:3)
  11 moths of wrath
  15 manticores
  A shadow dragon skeleton (Hell)
  6 orc knights
  A stone giant zombie (Hell)
  An alligator skeleton (Crypt:2)
  26 salamanders
  3 kobold blastminers (Orc:2)
  21 large abominations
  44 black mambas
  6 fauns (Shoals:2)
  2 ice statues (Snake:2)
  3 human skeletons (Vaults:3)
  6 merfolk sirens
  9 centaur zombies
  12 elephants
  A titan simulacrum (Hell)
  9 rust devils
  A molten gargoyle (Desolation)
  A water nymph (shapeshifter) (Depths:3)
  23 vault sentinels
  5 water nymphs
  A stone giant skeleton (Hell)
  17 naga magi
  14 guardian serpents
  A cane toad (shapeshifter) (Vaults:5)
  4 orange demons
  2 unseen horrors
  19 smoke demons (Pan)
  A storm dragon simulacrum (Hell)
  17 cane toads
  A kobold demonologist (D:12)
  5 rime drakes
  3 centaur skeletons
  5 efreet
  An unseen horror zombie (Crypt:1)
  A black draconian zombie (Crypt:1)
  4 freezing wraiths
  11 komodo dragons
  24 yaktaurs
  An anaconda simulacrum (Hell)
  An alligator snapping turtle skeleton (Crypt:1)
  4 tormentors
  A bunyip simulacrum (Hell)
  A yaktaur skeleton (Vaults:4)
  An iron troll skeleton (Crypt:2)
  A tengu conjurer (Depths:2)
  2 red devils
  4 guardian mummies (D:12)
  31 merfolk
  4 wind drakes
  13 polar bears
  An alligator simulacrum (Hell)
  10 hornets
  12 trolls
  20 hellwings (Pan)
  Prince Ribbit (Lair:2)
  2 harpy skeletons
  A tarantella (Vaults:1)
  4 glass eyes (Depths:3)
  A raiju (Lair:5)
  A death drake skeleton (Crypt:2)
  22 blink frogs
  A deep troll zombie (Vaults:3)
  A shadow dragon simulacrum (Hell)
  49 saltlings (Desolation)
  An ettin zombie (Hell)
  10 snapping turtles
  A raiju (shapeshifter) (D:13)
  3 dream sheep (Shoals:1)
  2 iron dragon simulacra
  A fire dragon skeleton (Crypt:2)
  2 air elementals (Elf:3)
  34 slime creatures
  A culicivora (shapeshifter) (Depths:4)
  14 spriggans
  9 wyverns
  An elf simulacrum (Vaults:4)
  A shadow (D:12)
  8 ynoxinuls
  25 water elementals
  4 wraiths
  38 yaks
  5 basilisks
  3 fire elementals
  6 humans (D:13)
  12 wargs
  A neqoxec (Pan)
  A vampire (D:12)
  A naga zombie (Crypt:1)
  A redback simulacrum (D:12)
  A steam dragon (Bailey)
  4 redbacks
  A harpy simulacrum (Hell)
  A water nymph zombie (Crypt:1)
  6 chaos spawn
  50 nagas
  A swamp worm (shapeshifter) (Vaults:1)
  25 water moccasins
  16 hell hounds (Lair:5)
  An ogre zombie (Vaults:4)
  An ogre skeleton (Vaults:4)
  42 orc warriors
  A two-headed ogre skeleton (Crypt:1)
  A water nymph skeleton (Crypt:1)
  3 sky beasts
  10 laughing skulls
  A redback (shapeshifter) (Vaults:5)
  A snapping turtle zombie (Crypt:2)
  22 black bears
  3 ice beasts (D:6)
  5 spriggan simulacra (Depths:3)
  A dream sheep zombie (Crypt:2)
  26 wolves
  5 boggarts (Vaults:4)
  36 ogres
  15 small abominations
  23 centaurs
  4 kobold brigands
  An elf zombie (Crypt:3)
  13 bullfrogs
  A rime drake skeleton (Crypt:3)
  A necrophage (Crypt:1)
  A human zombie (Vaults:3)
  2 gnoll sergeants
  4 earth elementals
  A warg zombie (Crypt:3)
  A deep troll simulacrum (Crypt:1)
  7 scorpions
  A cyclops skeleton (Crypt:1)
  9 wights
  2 burial acolytes (Ossuary)
  9 killer bees
  An electric eel (Snake:2)
  A howler monkey (D:6)
  2 bombardier beetles
  A lava snake (Snake:2)
  A wolf skeleton (Crypt:1)
  2 hounds
  8 jellies
  30 orc priests
  A basilisk skeleton (Crypt:2)
  A scorpion zombie (Crypt:2)
  17 orc wizards
  5 hell rats (Hell)
  A hound skeleton (Crypt:1)
  2 howler monkey zombies (D:10)
  4 mummies (D:12)
  11 gnolls
  11 adders
  2 shadow imps
  A white imp (D:5)
  3 ufetubi
  An adder skeleton (Ossuary)
  3 dart slugs
  2 ribbon worms
  99 orcs
  3 bats
  6 endoplasms
  7 giant cockroaches
  12 goblins
  8 hobgoblins
  7 jackals
  5 quokkas
  5 ball pythons
  3 ball python skeletons (Ossuary)
  3 frilled lizards
  A hobgoblin zombie (Crypt:2)
  12 kobolds
  A kobold skeleton (Ossuary)
  3 orc skeletons (Ossuary)
  4 rats
  5 ball lightnings (Pan)
  A fire vortex (Pan)
  2 spectral weapons (D:13)
  23 tentacles
2823 creatures vanquished.

Vanquished Creatures (collateral kills)
  Saint Roka (Snake:2)
  2 tengu reavers (Depths:3)
  The ghost of archon2 the Scorcher, an adept DEFE of Vehumet (Shoals:1)
  A stone giant (Depths:3)
  A catoblepas (Lair:4)
  A merfolk aquamancer (Shoals:4)
  A manticore (D:13)
  A water nymph (Shoals:4)
  An orc warrior (Snake:2)
  2 orcs (Snake:2)
12 creatures vanquished.

Vanquished Creatures (others)
  A pandemonium lord (Pan)
  A fire giant (Vaults:5)
  A vault warden (Vaults:1)
  A balrug (Pan)
  A fire dragon (Depths:2)
  A tengu warrior (Depths:2)
  A soul eater (Pan)
  A sixfirhy (Pan)
  A cyclops (Pan)
  A smoke demon (Pan)
  A yaktaur (Vaults:1)
  2 orc warriors
  An ogre (D:6)
  A bullfrog (D:6)
  A lava snake (Snake:2)
  A jelly (D:6)
  An iguana (D:6)
  A howler monkey skeleton (Crypt:3)
  2 adders (D:6)
  11 ball lightnings (Pan)
  A creeping inferno (Hell)
  39 tentacles
72 creatures vanquished.

Grand Total: 2907 creatures vanquished

Notes
Turn   | Place    | Note
-------+----------+-------------------------------------------
     0 | D:1      | jasper the Minotaur Berserker began the quest for the Orb.
     0 | D:1      | Reached XP level 1. HP: 19/19 MP: 0/0
   230 | D:1      | Reached XP level 2. HP: 23/26 MP: 1/1
   435 | D:1      | Reached ** piety under Trog
   726 | D:1      | Reached skill level 5 in Axes
   947 | D:1      | Identified a scroll of acquirement
   947 | D:1      | Acquired an amulet of regeneration
  1018 | D:2      | Reached XP level 3. HP: 31/31 MP: 2/2
  1179 | D:2      | Acquired 956 gold pieces
  1594 | D:2      | Reached XP level 4. HP: 34/39 MP: 3/3
  1780 | D:3      | Found a transporter.
  1842 | D:3      | Found a transporter.
  1979 | D:3      | Noticed a black bear
  1990 | D:3      | Killed a black bear
  1991 | D:3      | Reached XP level 5. HP: 45/45 MP: 4/4
  2156 | D:3      | Acquired the +10 executioner's axe of the Grinning Madman
                  | {heavy, Int+4}
  2598 | D:3      | Found a blossoming altar of Fedhas.
  2751 | D:4      | Found a staircase to the Ecumenical Temple.
  2845 | D:4      | Reached XP level 6. HP: 51/51 MP: 5/5
  2925 | D:4      | Found an opulent altar of Gozag.
  3556 | D:5      | Entered Level 5 of the Dungeon
  3626 | D:5      | Found an iron altar of Okawaru.
  3744 | D:5      | Reached XP level 7. HP: 41/57 MP: 6/6
  3842 | D:5      | Reached skill level 10 in Axes
  4340 | D:6      | Reached XP level 8. HP: 62/67 MP: 7/7
  4363 | D:6      | Reached skill level 5 in Fighting
  4473 | D:6      | Identified the +9 trident of the Exiled Yaks {heavy, +Blink
                  | rPois Int+4 Dex-4}
  4498 | D:6      | Reached skill level 5 in Armour
  4552 | D:6      | Found a shimmering altar of Xom.
  4567 | D:6      | Identified the +5 falchion of the Fifty Portals {drain,
                  | rF+}
  4982 | D:7      | Identified the +4 scale mail "Naga" {rC++ SInv}
  5046 | D:7      | Found a sand-covered staircase.
  5052 | Ossuary  | Entered an ossuary
  5114 | Ossuary  | Reached *** piety under Trog
  5136 | Ossuary  | Reached XP level 9. HP: 72/76 MP: 8/8
  5613 | D:7      | Found Kuth's Jewellery Boutique.
  5622 | D:7      | Bought the ring "Wazxyudd" {rElec rF+ Will+ MP+9} for 973
                  | gold pieces
  5622 | D:7      | Bought a ring of resist corrosion for 300 gold pieces
  5712 | D:7      | Found Dine Ylly's Distillery.
  5717 | D:7      | Noticed a manticore
  5729 | D:7      | Killed a manticore
  5755 | D:7      | Found Finuisk's Armour Emporium.
  6062 | D:8      | Found a burning altar of Makhleb.
  6334 | D:8      | Found an ancient bone altar of Kikubaaqudgha.
  6735 | D:8      | Found a hazy altar of Hepliaklqana.
  6911 | D:7      | Bought a +0 pair of gloves for 45 gold pieces
  6956 | D:9      | Found a flagged portal.
  6984 | Bailey   | Entered a bailey
  7113 | Bailey   | Reached XP level 10. HP: 83/88 MP: 9/9
  7144 | Bailey   | Identified the +1 broad axe of Dunaxaff {flame, Str+2}
  7144 | Bailey   | Identified the +6 ice dragon scales of Brilliance {rF- rC++
                  | Will+ Str+3}
  7160 | Bailey   | Noticed a two-headed ogre
  7172 | Bailey   | Killed a two-headed ogre
  7320 | D:9      | Found a stormy altar of Qazlal.
  7932 | D:9      | Reached skill level 15 in Axes
  7946 | D:9      | Found a shimmering blue altar of Sif Muna.
  7959 | D:9      | Found an ornate altar of the Wu Jian Council.
  8010 | D:10     | Entered Level 10 of the Dungeon
  8080 | D:10     | Found a basalt altar of Yredelemnul.
  8107 | D:10     | Reached XP level 11. HP: 99/99 MP: 10/10
  8235 | D:10     | Reached **** piety under Trog
  8279 | D:10     | Found a staircase to the Orcish Mines.
  8338 | D:10     | Reached skill level 10 in Fighting
  8417 | D:10     | Found a staircase to the Lair.
  8457 | D:10     | Found a snail-covered altar of Cheibriados.
  8562 | D:10     | Reached skill level 10 in Armour
  8730 | D:10     | Noticed an arcanist
  8739 | D:10     | Killed an arcanist
  8761 | D:10     | Noticed a large abomination
  8804 | D:10     | Killed a large abomination
  8804 | D:10     | Noticed a large abomination
  8820 | D:10     | Killed a large abomination
  8922 | D:11     | Found a portal to a secret trove of treasure.
  9056 | D:11     | Noticed a two-headed ogre
  9069 | D:11     | Killed a two-headed ogre
  9122 | D:11     | Noticed a centaur warrior
  9128 | D:11     | Killed a centaur warrior
  9128 | D:11     | Reached ***** piety under Trog
  9129 | D:11     | Reached XP level 12. HP: 108/110 MP: 11/11
  9565 | Lair:1   | Entered Level 1 of the Lair of Beasts
  9772 | Lair:1   | Reached skill level 1 in Ranged Weapons
 10400 | Lair:2   | Found a shadowy altar of Dithmenos.
 10478 | Lair:2   | Reached skill level 5 in Ranged Weapons
 10598 | Lair:2   | Noticed Prince Ribbit
 10616 | Lair:2   | Killed Prince Ribbit
 10616 | Lair:2   | Received a gift from Trog
 10739 | Lair:2   | Noticed a five-headed hydra
 10748 | Lair:2   | Killed a one-headed hydra
 11247 | Lair:3   | Noticed Gastronok
 11255 | Lair:3   | Noticed a six-headed hydra
 11282 | Lair:3   | Killed a two-headed hydra
 11315 | Lair:3   | Killed Gastronok
 11316 | Lair:3   | Reached skill level 10 in Ranged Weapons
 11343 | Lair:3   | Reached XP level 13. HP: 117/117 MP: 12/12
 11958 | Lair:3   | Found a staircase to the Shoals.
 12264 | Lair:3   | Found a staircase to the Snake Pit.
 12519 | Lair:4   | Reached skill level 5 in Dodging
 13792 | Lair:5   | Entered Level 5 of the Lair of Beasts
 14064 | Lair:5   | Reached XP level 14. HP: 130/130 MP: 13/13
 14419 | Lair:5   | Found a staircase to the Slime Pits.
 14743 | Lair:5   | Received a gift from Trog
 15210 | Lair:5   | Reached skill level 15 in Fighting
 15283 | Lair:5   | Identified the +4 broad axe "Duckuh" {antimagic, Int+2}
 15406 | Lair:5   | Identified the +3 war axe of Sloth {flame, Fly rPois rCorr
                  | Dex-4} (Trog gifted it to you on level 5 of the Lair of
                  | Beasts)
 15406 | Lair:5   | Received a gift from Trog
 15546 | Lair:5   | Found a blossoming altar of Fedhas.
 15550 | Lair:5   | Reached skill level 15 in Armour
 15906 | Lair:5   | Reached skill level 10 in Dodging
 15911 | Lair:5   | Identified the +4 kite shield "Guurch" {-Tele rF+ Dex+3}
 16390 | Orc:1    | Entered Level 1 of the Orcish Mines
 16463 | Orc:1    | Reached XP level 15. HP: 143/143 MP: 14/14
 16904 | Orc:2    | Entered Level 2 of the Orcish Mines
 16963 | Orc:2    | Received a gift from Trog
 17501 | Orc:2    | Found Xeblet Rih's Jewellery Shop.
 17535 | Orc:2    | Found Qeme's Assorted Antiques.
 17566 | Orc:2    | Bought a fizzy emerald potion for 18 gold pieces
 17566 | Orc:2    | Bought a scroll of blinking for 157 gold pieces
 17566 | Orc:2    | Bought a potion of curing for 63 gold pieces
 17960 | Orc:2    | Found a staircase to the Elven Halls.
 18023 | Orc:2    | Received a gift from Trog
 18520 | Orc:2    | Found Ruwn's Armour Boutique.
 18535 | Orc:2    | Bought a +1 pair of gloves of dexterity for 181 gold pieces
 18661 | Orc:2    | Found Mats's Distillery.
 18678 | Orc:2    | Bought a potion of heal wounds for 75 gold pieces
 18678 | Orc:2    | Bought a potion of might for 60 gold pieces
 18678 | Orc:2    | Bought a potion of might for 60 gold pieces
 19190 | D:12     | You fall into a shaft and drop 3 floors!
 19190 | D:15     | Entered Level 15 of the Dungeon
 19213 | D:15     | Reached ****** piety under Trog
 19213 | D:15     | Identified the +7 spear "Cinaibbu" {antimagic, *Rage rElec
                  | rF+ Dex+3} (Trog gifted it to you on level 15 of the
                  | Dungeon)
 19213 | D:15     | Received a gift from Trog
 20485 | D:13     | Reached XP level 16. HP: 103/152 MP: 15/15
 20539 | D:13     | Identified the +6 great mace of Parts Unknown {spect, rC+
                  | Str+3}
 20562 | D:13     | Found a gate to the Vaults.
 20637 | D:13     | Found Vamuffes's Assorted Antiques.
 20889 | D:14     | Noticed Jorgrun
 20921 | D:14     | Killed Jorgrun
 21223 | D:14     | Found a sparkling altar of Nemelex Xobeh.
 21596 | D:15     | Received a gift from Trog
 21661 | D:15     | Found a staircase to the Depths.
 21825 | D:15     | Noticed Louise
 21847 | D:15     | Killed Louise
 22464 | Depths:1 | Entered Level 1 of the Depths
 22478 | Depths:1 | Noticed a tengu reaver
 22509 | D:15     | Killed a tengu reaver
 23354 | Snake:1  | Entered Level 1 of the Snake Pit
 23662 | Snake:1  | Found a transporter.
 23663 | Snake:1  | Noticed Ovesh's ghost (journeyman OpSh)
 23737 | Snake:1  | Found a transporter.
 23881 | Snake:1  | Identified the ring of Qyrium {rF+ Str+2 Stlth+}
 23956 | Snake:1  | Found Hauth's Antique Armour Boutique.
 23973 | Snake:1  | Identified the +1 buckler of the Vaults {rElec Str+3 Dex-5}
 24001 | Snake:1  | Received a gift from Trog
 24279 | Snake:2  | Noticed Saint Roka
 24298 | Snake:2  | Killed Saint Roka
 24305 | Snake:2  | Reached XP level 17. HP: 131/161 MP: 16/16
 25035 | Snake:2  | Noticed Nikola
 25049 | Snake:2  | Killed Nikola
 25195 | Snake:2  | Received a gift from Trog
 26455 | D:13     | Bought the +3 pair of gauntlets of War {Slay+5} for 1140
                  | gold pieces
 26455 | D:13     | Found the +3 pair of gauntlets of War {Slay+5}
 27335 | Snake:3  | Identified the serpent talisman "Bick" {Slay+2}
 27647 | Snake:4  | Entered Level 4 of the Snake Pit
 28279 | Snake:4  | Found Satuel's Armour Shop.
 28386 | Snake:4  | Noticed Bai Suzhen
 28416 | Snake:4  | Killed Bai Suzhen
 28844 | Snake:4  | Received a gift from Trog
 28985 | Snake:4  | Noticed Vashnia
 29007 | Snake:4  | Killed Vashnia
 29010 | Snake:4  | Reached XP level 18. HP: 70/173 MP: 17/17
 29232 | Snake:4  | Noticed Mara
 29237 | Snake:4  | Noticed jasper's illusion
 29253 | Snake:4  | Noticed jasper's illusion
 29638 | Snake:4  | Killed Mara
 30097 | Snake:4  | Got a serpentine rune of Zot
 30758 | Shoals:1 | Entered Level 1 of the Shoals
 30758 | Shoals:1 | Found a runed translucent gate.
 30758 | Shoals:1 | Found a runed translucent gate.
 30758 | Shoals:1 | Found a runed translucent gate.
 30772 | Shoals:1 | Noticed archon2's ghost (adept DEFE)
 30772 | Shoals:1 | Noticed popps's ghost (adept GrFi)
 30788 | Shoals:1 | Killed popps's ghost
 30788 | Shoals:1 | Killed archon2's ghost
 30795 | Shoals:1 | Identified the +1 hat "Guwkiur" {rC- Str+2 Stlth+}
 30877 | Shoals:1 | Received a gift from Trog
 31005 | Shoals:1 | Reached skill level 15 in Ranged Weapons
 31005 | Shoals:1 | Found Orur's Antique Armour Shoppe.
 32028 | Shoals:2 | Found Ysoorchih's Jewellery Boutique.
 32579 | Shoals:3 | Received a gift from Trog
 33752 | Shoals:4 | Entered Level 4 of the Shoals
 33771 | Shoals:4 | Reached XP level 19. HP: 182/182 MP: 18/18
 34239 | Shoals:4 | Identified the +3 flail "Gaucaosh" {freeze, rPois rCorr}
 35410 | Shoals:4 | Found a runed translucent gate.
 35410 | Shoals:4 | Found a runed translucent gate.
 35410 | Shoals:4 | Found a runed translucent gate.
 35465 | Shoals:4 | Found an opulent altar of Gozag.
 35467 | Shoals:4 | Noticed zenocrate's ghost (adept VSEn)
 35468 | Shoals:4 | Found Bonaynun's Assorted Antiques.
 35477 | Shoals:4 | Killed zenocrate's ghost
 35498 | Shoals:4 | Bought a scroll of revelation for 217 gold pieces
 35572 | Shoals:4 | Received a gift from Trog
 35643 | Shoals:4 | Got a barnacled rune of Zot
 36073 | Elf:1    | Entered Level 1 of the Elven Halls
 37168 | Elf:2    | Received a gift from Trog
 37455 | Elf:2    | Reached skill level 15 in Dodging
 37968 | Elf:2    | Found a huge runed translucent gate.
 37968 | Elf:2    | Found a huge runed translucent gate.
 37968 | Elf:2    | Found a huge runed translucent gate.
 37968 | Elf:2    | Found a huge runed translucent gate.
 37968 | Elf:2    | Found a huge runed translucent gate.
 38374 | Elf:3    | Entered Level 3 of the Elven Halls
 38702 | Elf:3    | Received a gift from Trog
 39193 | Elf:3    | Identified the amulet of Scepticism {Faith Int+2}
 39487 | Elf:3    | Reached XP level 20. HP: 188/193 MP: 19/19
 39897 | Elf:3    | Identified the +7 halberd of Indomitability {flame, rPois}
 39897 | Elf:3    | Identified the +3 leather armour of the Trilobite {Fly rF+
                  | Stlth+}
 39897 | Elf:3    | Identified the ring "Noxiumia" {AC+4 Int+5}
 40079 | Elf:3    | Identified the ring "Xepianke" {rF+ Str+6}
 40099 | Elf:3    | Identified the ring of the Ban {Wiz rF++ rN+ Stlth+}
 40128 | Elf:3    | Received a gift from Trog
 40151 | Elf:3    | Identified the staff "Pess" {rC+ MP+9 Stlth+ Ice}
 40924 | Vaults:1 | Entered Level 1 of the Vaults
 41085 | Vaults:1 | Found Ickubuxi's Distillery.
 41093 | Vaults:1 | Bought a potion of curing for 42 gold pieces
 41093 | Vaults:1 | Bought a potion of resistance for 140 gold pieces
 41093 | Vaults:1 | Bought a potion of lignification for 42 gold pieces
 41093 | Vaults:1 | Bought a potion of invisibility for 112 gold pieces
 41101 | Vaults:1 | Paralysed by a formless jellyfish for 1 turns
 41810 | Vaults:1 | Identified the +10 battleaxe "Rarrurgh" {flame, rF- rN++
                  | Str+2 SInv} (Trog gifted it to you on level 1 of the
                  | Vaults)
 41810 | Vaults:1 | Received a gift from Trog
 41987 | Vaults:1 | Identified the +7 spear "Ojenukh" {pain, *Slow rPois Int+2
                  | Dex+2}
 42115 | Vaults:1 | Identified the +0 plate armour of the Chewing Gods {rElec
                  | rF+}
 42736 | Vaults:2 | Received a gift from Trog
 43555 | Vaults:2 | Reached XP level 21. HP: 206/206 MP: 20/20
 44031 | Vaults:3 | Noticed Margery
 44052 | Vaults:3 | Received a gift from Trog
 44068 | Vaults:3 | Killed Margery
 44108 | Vaults:3 | Found Muheak's Armour Boutique.
 44217 | Vaults:3 | Found a crumbling gateway.
 44227 | Desolati | Entered the Desolation of Salt
 44992 | Desolati | Identified the +5 ring mail "Cunly" {rElec Dex+3}
 45088 | Desolati | Identified the ring "Biv Ylef" {*Slow rElec rPois rF++
                  | Dex+6}
 45101 | Desolati | Identified the +7 hand axe of Wivep {elec, *Slow rElec
                  | Int+4}
 45351 | Vaults:3 | Found Owub's Armour Boutique.
 45431 | Vaults:3 | Received a gift from Trog
 45488 | Vaults:3 | Found a staircase to the Crypt.
 45488 | Vaults:3 | Found a basalt altar of Yredelemnul.
 45488 | Vaults:3 | Found an ancient bone altar of Kikubaaqudgha.
 46472 | Vaults:3 | Identified the +2 ring mail of Hepliaklqana's Reproof {rF-
                  | Str+6 Dex+3}
 46592 | Vaults:3 | Identified the +0 whip "Laoff" {drain, rC++}
 47250 | Vaults:4 | Identified the orb of the Snake Pit {*channel, rElec rPois
                  | Str+3 Int+3}
 47371 | Vaults:4 | Reached XP level 22. HP: 198/228 MP: 21/21
 47608 | Vaults:4 | Found Ybadur's Armour Shoppe.
 47683 | Vaults:4 | Noticed Boris
 47688 | Vaults:4 | Received a gift from Trog
 47695 | Vaults:4 | Killed Boris
 47938 | Vaults:4 | Noticed Donald
 47943 | Vaults:4 | Killed Donald
 48802 | Depths:1 | Reached skill level 27 in Fighting
 48848 | Depths:1 | Identified the +0 chain mail of Terror {Rampage rC- rN+
                  | Int+3}
 48850 | Depths:1 | Noticed the Enchantress
 49038 | Depths:1 | Killed the Enchantress
 49041 | Depths:1 | Received a gift from Trog
 49122 | Depths:1 | Found a one-way gate to the infinite horrors of the Abyss.
 49145 | Depths:1 | Noticed Norris
 49177 | Depths:1 | Killed Norris
 49254 | Depths:1 | Found a gateway to Hell.
 49417 | Depths:1 | Found Aliawe's Book Shoppe.
 49422 | Depths:1 | Found Ackuef's Jewellery Boutique.
 49423 | Depths:1 | Found Yliot's Book Shoppe.
 49448 | Depths:1 | Found a blossoming altar of Fedhas.
 49932 | Depths:2 | Received a gift from Trog
 50107 | Depths:2 | Identified the +2 robe of Privacy {Rampage}
 50557 | Depths:2 | Reached XP level 23. HP: 203/240 MP: 22/22
 50573 | Depths:2 | Received a gift from Trog
 50700 | Depths:2 | Found a one-way gate leading to the halls of Pandemonium.
 50862 | Depths:2 | Identified the ring of the Iron Devil {rPois rC+++ rCorr
                  | MP+9 Int-2}
 50866 | Depths:2 | Noticed a juggernaut
 50881 | Depths:2 | Killed a juggernaut
 51380 | Depths:3 | Found a one-way gateway to a ziggurat.
 51409 | Depths:3 | Noticed Sojobo
 51573 | Depths:3 | Received a gift from Trog
 51787 | Depths:3 | Identified the +6 spear "Sadub" {flame, rF+}
 51838 | Depths:3 | Paralysed by an air elemental for 1 turns
 51843 | Depths:3 | Killed Sojobo
 51901 | Depths:3 | You fall into a shaft and drop 1 floor!
 51901 | Depths:4 | Entered Level 4 of the Depths
 52569 | Depths:3 | Identified the +3 broad axe of Upheaval {speed, rElec Will+
                  | Int-2 SInv}
 52690 | Depths:3 | Received a gift from Trog
 53364 | Depths:4 | Reached skill level 27 in Armour
 53590 | Depths:4 | Reached XP level 24. HP: 226/249 MP: 22/22
 53605 | Depths:4 | Identified the +7 triple sword of Trog's Respect {flame,
                  | Fly rPois rF- Str+2} (Trog gifted it to you on level 4 of
                  | the Depths)
 53605 | Depths:4 | Received a gift from Trog
 53664 | Depths:4 | Found Joagista's Distillery.
 54019 | Depths:4 | Found a gate to the Realm of Zot.
 54727 | Vaults:5 | Entered Level 5 of the Vaults
 54809 | Vaults:4 | Identified the +10 scimitar of Killer Bee's Death {flame,
                  | rF+ rN+++ Int-3 Dex+3} (Trog gifted it to you on level 4 of
                  | the Vaults)
 54809 | Vaults:4 | Received a gift from Trog
 54828 | Vaults:5 | Identified the +6 scimitar of Brutal Revenge {spect, rPois
                  | Will+}
 54958 | Vaults:5 | Noticed Boris
 55240 | Vaults:4 | Killed Boris
 55319 | Vaults:5 | Noticed a dread lich
 55346 | Vaults:5 | Killed a dread lich
 55351 | Vaults:5 | Received a gift from Trog
 55436 | Vaults:5 | Noticed an ancient lich
 55440 | Vaults:5 | Killed an ancient lich
 55522 | Vaults:5 | Identified the +0 pair of boots "Udotz" {rElec rC+ Will+}
 55739 | Vaults:5 | Identified the +1 lajatang of Foul Odours {protect, rF+
                  | Dex+2}
 55745 | Vaults:5 | Got a silver rune of Zot
 55767 | Vaults:5 | Identified the ring "Jiucuisaimn" {Ice ^Drain rPois Int+8
                  | Stlth+}
 56741 | Zot:1    | Entered Level 1 of the Realm of Zot
 56760 | Zot:1    | Reached XP level 25. HP: 146/257 MP: 22/22
 56761 | Zot:1    | Noticed Grunn
 56862 | Depths:4 | Received a gift from Trog
 56893 | Zot:1    | Killed Grunn
 57353 | Zot:1    | Noticed an orb of fire
 57362 | Zot:1    | Killed an orb of fire
 57686 | Zot:2    | Received a gift from Trog
 58623 | Zot:3    | Identified the +0 robe of Jataq {Harm +Blink Dex+3}
 60401 | Temple   | Entered the Ecumenical Temple
 60410 | Temple   | Fell from the grace of Trog
 60410 | Temple   | Became a worshipper of the Shining One
 60747 | Crypt:1  | Entered Level 1 of the Crypt
 60753 | Crypt:1  | Reached skill level 1 in Invocations
 60760 | Crypt:1  | Reached * piety under the Shining One
 60775 | Crypt:1  | Reached ** piety under the Shining One
 60802 | Crypt:1  | Reached skill level 5 in Invocations
 60874 | Crypt:1  | Reached *** piety under the Shining One
 60900 | Crypt:1  | Reached **** piety under the Shining One
 60910 | Crypt:1  | Reached XP level 26. HP: 255/266 MP: 26/26
 61364 | Crypt:2  | Noticed Boris
 61371 | Crypt:2  | Killed Boris
 61377 | Crypt:2  | Reached ***** piety under the Shining One
 61918 | Crypt:3  | Entered Level 3 of the Crypt
 62086 | Crypt:3  | Reached ****** piety under the Shining One
 62116 | Crypt:3  | Identified a +9 longbow of holy wrath (a +9 heavy longbow
                  | blessed by the Shining One)
 62116 | Crypt:3  | Received a gift from the Shining One
 62138 | Crypt:3  | Noticed an ancient lich
 62155 | Crypt:3  | Killed an ancient lich
 62266 | Crypt:3  | Reached skill level 10 in Invocations
 62691 | Crypt:3  | Noticed an ancient lich
 62737 | Crypt:3  | Found a staircase to the Tomb.
 62876 | Crypt:3  | Noticed an ancient lich
 62876 | Crypt:3  | Noticed an ancient lich
 63686 | Crypt:3  | Killed an ancient lich
 63698 | Crypt:3  | Killed an ancient lich
 63699 | Crypt:3  | Killed an ancient lich
 63705 | Crypt:3  | Got the Writings on the Gathered Wayfarer
 63706 | Crypt:3  | Identified the staff "Goblin's Funeral" {rPois rN++ rCorr
                  | Str-4 Conj}
 63707 | Crypt:3  | Identified the +6 crystal plate armour of the Wilderness
                  | {Rampage rC+++ Regen+ Str-5}
 63754 | Crypt:3  | Identified the +1 chain mail of Pragmatism {rN+ Int+3}
 64741 | Hell     | Entered the Vestibule of Hell
 64741 | Hell     | Noticed Geryon
 64757 | Hell     | Killed Geryon
 64944 | Hell     | Found a gateway to the decaying netherworld of Tartarus.
 65007 | Hell     | Found a gateway to the freezing wastes of Cocytus.
 65117 | Hell     | Found a gateway to the Iron City of Dis.
 65249 | Hell     | Found a gateway to the ashen valley of Gehenna.
 65409 | Pan      | Entered Pandemonium
 65553 | Pan      | Reached skill level 15 in Invocations
 65903 | Pan      | Gained mutation: You are vulnerable to cold. (rC-) [a
                  | cacodemon]
 65903 | Pan      | Noticed Gobuigg the pandemonium lord
 65910 | Pan      | Killed Gobuigg the pandemonium lord
 66144 | Pan      | Identified the +8 long sword "Teemas" {freeze, rPois Will+
                  | Int+4}
 66205 | Pan      | Reached XP level 27. HP: 269/273 MP: 34/34
 66234 | Pan      | Noticed Rijoshut the pandemonium lord
 66240 | Pan      | Killed Rijoshut the pandemonium lord
 66333 | Pan      | Entered the realm of Gloorx Vloq.
 66493 | Pan      | Learned a level 1 spell: Apportation
 66513 | Pan      | Noticed Ignacio
 66520 | Pan      | Killed Ignacio
 68200 | Pan      | Noticed Gloorx Vloq
 68209 | Pan      | Killed Gloorx Vloq
 68285 | Pan      | Got a dark rune of Zot
 68467 | Pan      | Gained mutation: Your spells are a little easier to cast,
                  | but a little less powerful. [a cacodemon]
 68688 | Depths:2 | Escaped Pandemonium
 68690 | Pan      | Entered the realm of Lom Lobon.
 68690 | Pan      | Entered Pandemonium
 69615 | Pan      | Noticed Lom Lobon
 69664 | Pan      | Killed Lom Lobon
 69804 | Pan      | Got a magical rune of Zot
 69959 | Pan      | Entered the realm of Cerebov.
 70197 | Pan      | Identified the ring "Dadughocs" {^Contam Fly rElec Int+8
                  | Stlth-}
 70218 | Pan      | Identified the +6 trident "Goblinslayer" {chaos, Int+3}
 70241 | Pan      | Identified the +1 pair of boots "Koxzody" {Fly rF- Dex+4}
 70261 | Pan      | Identified the +3 scale mail "Reuhey" {Harm}
 70285 | Pan      | Identified the +3 fire dragon scales of Tenacity {*Corrode
                  | rF++ rC- Regen+ Slay+2}
 70290 | Pan      | Identified the +9 hand axe "Oshakaoc" {venom, rElec Int-3
                  | Dex+3 Stlth+}
 70341 | Pan      | Found the +6 sword of Cerebov {flame}
 70341 | Pan      | Noticed Cerebov
 70362 | Pan      | HP: 7/273 [Cerebov/the +6 sword of Cerebov {flame} (27)]
 70362 | Pan      | HP: 3/273 [Cerebov/the +6 sword of Cerebov {flame} (4)]
 70364 | Pan      | Killed from afar by Cerebov

Illustrated notes

Levels and vault maps discovered:
D:1:      amcnicky_arrival_double_pillar, layout_basic, nicolae_hexahallways
D:2:      layout_basic, wander_ebering_terrifying_dragon_lair
D:3:      gammafunk_wand_slinger, layout_basic, lemuel_round_altar,
          kennysheep_generic_room_14
D:4:      layout_gridville, mainiacjoe_overflow_surrounded_room,
          minmay_temple_entry_offerings, serial_bayou_pond_e
D:5:      layout_rooms, mainiacjoe_overflow_catwalk
D:6:      layout_rooms, xom_confusion_cloud, lemuel_flamethrower_2
D:7:      layout_loops_cross, serial_shops, nicolae_shop_crystal, shop,
          nicolae_shop_rolling_square, nicolae_ossuary_entry_plus,
          kennysheep_big_empty_room
D:8:      layout_basic, amcnicky_altar_gilded, bloody_makhleb,
          lemuel_round_altar
D:9:      layout_loops_ring, mainiacjoe_overflow_tiny_flanked,
          nicolae_wu_jian_immortal_techniques, kennysheep_mini_moat,
          enter_bailey_5
D:10:     layout_rooms, cheibriados_altar_1, nicolae_yredelemnul_corpse_copse,
          grunt_lair_entry_orc_guard_hut, hiddenorc1_lemuel, laboratory
D:11:     layout_rooms, serial_curves, eino_curves_04, eino_curves_03,
          nicolae_trove_entry_isolated
D:12:     layout_basic, minmay_guarded_unrand_curses
D:13:     layout_cave_pools, ximxim_vaults_locker_room, serial_shops,
          kennysheep_little_box, nrook_loot_triangle
D:14:     layout_long_grid, nemelex_lonely_heart_becter, uniq_jorgrun
D:15:     grunt_enter_depths_giant_problem, layout_stronghold,
          hangedman_decor_slide_cut, uniq_louise
Temple:   nicolae_temple_two_arcs
Lair:1:   layout_roguey, lemuel_fruit_tree, grunt_megastairs_1
Lair:2:   layout_big_grid, basic_altar, wad_woods_03, grunt_megastairs_2,
          uniq_prince_ribbit2
Lair:3:   layout_loops_ring, elwin_shoals_entry_stream,
          alex1729_snake_entry_snake, grunt_megastairs_4, uniq_gastronok
Lair:4:   layout_layer_cave
Lair:5:   hangedman_lair_caniforms_friends, layout_loops_ring,
          hangedman_lair_tendril_chambers, nicolae_slime_entry_slimehenge,
          basic_altar, infiniplex_staircase_pool_2
Shoals:1: layout_shoals, gammafunk_ghost_cemetery, nicolae_take_the_stairs
Shoals:2: layout_shoals, serial_shops, shop
Shoals:3: layout_shoals, nicolae_shoals_kraken_party
Shoals:4: shoals_end_grunt_ice, layout_shoals, ebering_ghost_gozag
Snake:1:  layout_grid_shapes, gammafunk_ghost_arena, serial_shops, shop,
          serial_bayou_pond_a, st_stairs_10
Snake:2:  layout_layer_cave, portal_ice_cave_entry_ice_statue_two,
          nicolae_snake_salamander_zone, serial_bayou_shore_a,
          grunt_megastairs_5, uniq_nikola, uniq_saint_roka
Snake:3:  nrook_guardian_serpent_snake_passage, layout_onion, grunt_megastairs_3
Snake:4:  grunt_snake_rune_serpentine_throne, layout_layer_cave, serial_shops,
          nicolae_shop_back_alley_shop, uniq_bai_suzhen, uniq_mara
Orc:1:    layout_caves
Orc:2:    pubby_orc_utopia, serial_shops
Elf:1:    eino_elf_arrival_customs, layout_loops_cross, minmay_elf_demonology
Elf:2:    elven_hall_of_blades_hangedman_alternative
          [nicolae_blade_entry_hurt_lockers], layout_loops_corners, drop_trap,
          nrook_mini_backslash, serial_library_hellmonk_open_cross,
          kennysheep_underground_church
Elf:3:    minmay_elf_hall_dome, layout_geoelf_castle
Vaults:1: st_octagons_1, v_misc_31, nicolae_vaults_trapezoid_lopsided_2,
          nicolae_vaults_more_shelving_2, nicolae_vaults_two_Ls,
          nicolae_vaults_tetromino_L_1, nicolae_vaults_trapezoid_lopsided_4,
          nicolae_vaults_border_crossing, nicolae_vaults_trapezoid_lopsided_3,
          layout_vaults_omnigrid, serial_shops, shop_fountains
Vaults:2: nicolae_vaults_doubleplus_tesselated, nicolae_vaults_puzzle_piece,
          ontoclasm_vaults_spin, hangedman_vaults_restitches, v_misc_30,
          ontoclasm_vaults_gateway, v_alt_pattern_2, nicolae_vaults_house_3,
          grunt_vaults_bifocal, v_alt_pattern_1, nicolae_vaults_tetromino_L_1,
          nicolae_vaults_house_3, nicolae_vaults_trapezoid_2,
          nicolae_vaults_tetromino_Z_1, nicolae_vaults_tetromino_T_1,
          layout_vaults_omnicross
Vaults:3: portal_desolation_entry_garden, nicolae_vaults_twisting_passages,
          hangedman_vaults_snaps, nicolae_vaults_double_plus_3, st_star,
          vaults_dpeg_hooks, nicolae_vaults_little_squares_5,
          vaults_room_semicircle, minmay_crypt_entry_necro_gods,
          nicolae_vaults_double_plus_1, vaults_room_grid, serial_ice_h,
          nicolae_vaults_apartment_1, nicolae_vaults_taking_the_gang_shopping,
          layout_vaults_ring, serial_shops, nicolae_shop_behind_doors,
          uniq_margery
Vaults:4: nicolae_vaults_door_testing_chamber, nicolae_vaults_little_squares_1,
          nicolae_vaults_hexular_roomagon, hangedman_vaults_impose,
          vaults_room_door_hall, grunt_vaults_twisty,
          nicolae_vaults_corpse_flower, nicolae_vaults_hexular_roomagon,
          v_misc_30, nicolae_vaults_closet_pinwheel_5, vaults_room_boxed,
          nicolae_vaults_offset_grid_hallway_2, ontoclasm_vaults_shuriken,
          grunt_vaults_hallway_short, layout_vaults_maze_bifur, serial_shops,
          nicolae_shop_real_fake_doors, uniq_donald, uniq_boris
Vaults:5
Crypt:1:  layout_rooms
Crypt:2:  layout_misc_corridors
Crypt:3:  david_glass_crypt, layout_gridlike, nicolae_tomb_entry_rubble_hallway
Depths:1: layout_cave_pools, fedhas_altar_3, hangedman_coc_ice_floe,
          abyss_entry, serial_glass, glass_columns_a, glass_columns_a,
          item_on_display_a, feat_on_display, chequers_serial_rivers_large_a,
          fake_guardian_serpent_vault, minmay_shop_grove, firewood_loft,
          uniq_enchantress, uniq_norris
Depths:2: hangedman_pleasuredromes, pan_entry, hell_entry
Depths:3: regret_index_reflect_refract, layout_cave_shapes, enter_ziggurat_d,
          minmay_room_of_horrors, ebering_dispersal_statue_hall,
          grunt_hell_entry_dis_grunt, serial_library_hellmonk_big_corner,
          uniq_sojobo
Depths:4: grunt_zot_entry_funnels, layout_gridlike, grunt_pan_entry_zigzag,
          serial_shops, nicolae_shop_trees, amcnicky_mini_pool_small, hell_entry
Hell
Zot:1:    layout_basic, uniq_grunn
Zot:2:    layout_basic, regret_index_zotdec_wing_it
Zot:3:    layout_misc_corridors, regret_index_zotdec_misc_clamp
Zot:4:    layout_gridlike, hangedman_zot_decor_checkerboard
Pan:      grunt_pan_in_and_out, layout_irregular_city,
          evilmike_mini_pan_doors_b, layout_onion_city,
          evilmike_mini_pan_layers, layout_pan_divisions_a
          [pan_division_quadrant_a1, pan_division_quadrant_a4,
          pan_division_quadrant_a2, pan_division_quadrant_a4,
          pan_division_octagon_divided], evilmike_mini_pan_pillars_b,
          layout_gridlike, rand_demon_7, layout_grid_shapes, rand_demon_6,
          layout_cellular_growth, evilmike_gloorx_vloq_box, layout_stronghold,
          uniq_ignacio, evilmike_mini_pan_3x3, layout_rooms,
          nicolae_pan_strange_glyphs [nicolae_pan_strange_glyph_melancholia,
          nicolae_pan_strange_glyph_acedia,
          nicolae_pan_strange_glyph_melancholia,
          nicolae_pan_strange_glyph_humiliation,
          nicolae_pan_strange_glyph_despair], evilmike_mini_pan_branches,
          layout_grid_shapes, lom_lobon_st, layout_stronghold,
          pan_blood_fountain_small, evilmike_mini_pan_corridor, layout_rooms,
          nicolae_pan_strange_glyphs [nicolae_pan_strange_glyph_regret,
          nicolae_pan_strange_glyph_angst, nicolae_pan_strange_glyph_contempt,
          nicolae_pan_strange_glyph_regret], reaverb_pan_chaos_star, cerebov,
          layout_chambers

Skill      XL: |  1  2  3  4  5  6  7  8  9 10 11 12 13 14 15 16 17 18 19 20 21 22 23 24 25 26 27 |
---------------+----------------------------------------------------------------------------------+-----
Axes           | 4 5 6 7 8 9 10 12 14 15 17 18 20 22 24 | 24.0
Fighting       | 4 6 8 9 11 13 15 16 17 18 19 20 21 25 27 | 27.0
Armour         | 3 5 7 9 11 13 15 16 17 18 20 23 27 | 27.0
Ranged Weapons | 10 11 12 16 17 20 | 20.0
Dodging        | 6 10 11 12 13 15 21 25 | 25.0
Invocations    | 6 16 22 | 22.2

Action                     |  1- 3 |  4- 6 |  7- 9 | 10-12 | 13-15 | 16-18 | 19-21 | 22-24 | 25-27 || total
---------------------------+-------+-------+-------+-------+-------+-------+-------+-------+-------++-------
  Melee: Hand axe          |    90 |   101 |   233 |       |       |       |       |       |       ||   424
         Headbutt          |    13 |    14 |    44 |    87 |   262 |   160 |   127 |   189 |   218 ||  1114
         Punch             |     1 |       |     2 |     7 |    10 |       |       |       |       ||    20
         War axe           |       |       |    18 |    28 |       |       |       |       |       ||    46
         Broad axe         |       |       |       |   391 |   689 |     6 |       |       |       ||  1086
         Battleaxe         |       |       |       |       |   416 |    85 |       |       |       ||   501
         Executioner's axe |       |       |       |       |       |   594 |   599 |   667 |   700 ||  2560
   Fire: Shortbow          |       |    69 |    43 |       |       |       |       |       |       ||   112
         Orcbow            |       |       |    39 |   116 |   434 |   427 |       |       |       ||  1016
         Arbalest          |       |       |       |       |       |    23 |       |       |       ||    23
         Longbow           |       |       |       |       |       |   269 |   686 |   545 |   835 ||  2335
  Throw: Stone             |       |       |       |     1 |       |     2 |       |       |       ||     3
         Dart              |       |       |       |     1 |       |       |       |       |       ||     1
 Invoke: Berserk           |     1 |     1 |     3 |     2 |     1 |     1 |       |     1 |       ||    10
         Trog's Hand       |       |     1 |     6 |     8 |    17 |    16 |    12 |    11 |     2 ||    73
         Brothers in Arms  |       |       |       |       |     2 |     3 |     1 |     1 |       ||     7
         Brand Weapon With |       |       |       |       |       |       |       |       |     1 ||     1
         Cleansing Flame   |       |       |       |       |       |       |       |       |     1 ||     1
  Evoke: Wand              |       |       |       |       |       |     2 |     3 |       |     2 ||     7
         Phial of floods   |       |       |       |       |       |       |       |     3 |       ||     3
    Use: Scroll            |     4 |     2 |    19 |     6 |     9 |    14 |     4 |     5 |     1 ||    64
         Potion            |       |       |       |       |     1 |     3 |     3 |     1 |     4 ||    12
   Stab: Sleeping          |       |       |       |       |       |       |     2 |       |       ||     2
         Invisible         |       |       |       |       |       |       |     2 |       |       ||     2
 Armour: Animal skin       |    29 |       |       |       |       |       |       |       |       ||    29
         Leather armour    |     4 |       |       |       |       |       |       |       |       ||     4
         Ring mail         |    19 |       |       |       |       |       |       |       |       ||    19
         Chain mail        |       |     2 |       |       |       |       |       |       |       ||     2
         Plate armour      |       |    96 |   115 |       |       |       |       |       |       ||   211
         Scale mail        |       |       |   103 |    18 |       |       |       |       |       ||   121
         Ice dragon scales |       |       |       |   343 |   894 |   821 |   658 |   875 |   275 ||  3866
         Crystal plate arm |       |       |       |       |       |       |       |       |   606 ||   606
  Dodge: Dodged            |    53 |    35 |    94 |   205 |   722 |   731 |   580 |   940 |   992 ||  4352
